Construct Section Command Post
Selects Indian Artillery Battlegroup
Selects Indian Artillery Battlegroup
Selects Towed ML 4.2-inch Heavy Mortar
Towed ML 4.2-inch Heavy Mortar
Towed ML 4.2-inch Heavy Mortar
Selects Gurkha Rifles Section
Construct Platoon Command Post
6-pounder Anti-tank Gun Team
Construct Field Infirmary
Construct Company Command Post
Unlock Towed 17-pounder Anti-tank Guns
Selects Off-map Airburst Barrage
17-pounder Anti-tank Gun Team
Selects BL5.5 Artillery Emplacement
Unlock M3 Grant Medium Tanks